 Dungeon Crawl Stone Soup version 0.19-a0-1731-g1e0734d (webtiles) character file.

1778 Naow the Cleaver (level 8, -1/99 HPs)
             Began as a Minotaur Berserker on Sept 30, 2016.
             Was a Priest of Trog.
             Succumbed to a gnoll sergeant's poison
             ... on level 6 of the Dungeon.
             The game lasted 00:10:50 (4363 turns).

Naow the Cleaver (Minotaur Berserker)               Turns: 4363, Time: 00:10:50

Health: -1/99      AC: 12    Str: 26    XL:     8   Next: 81%
Magic:  7/7        EV:  7    Int:  6    God:    Trog [***...]
Gold:   279        SH:  0    Dex: 11    Spells: 0 memorised, 7 levels left

rFire  . . .     SeeInvis .     a - +0 hand axe
rCold  . . .     Gourm    .     f - +0 plate armour
rNeg   . . .     Faith    .     (no shield)
rPois  .         Spirit   .     d - +0 hat
rElec  .         Dismiss  .     (no cloak)
rCorr  .         Reflect  .     k - +0 pair of gloves
MR     ++...     Harm     .     (no boots)
Stlth  ..........               (no amulet)
                                (no ring)
                                (no ring)

@: berserking, lethally poisoned (-1 -> -26), regenerating, very quick
A: retaliatory headbutt, horns 2
a: Berserk, Trog's Hand, Burn Spellbooks, Renounce Religion


You were on level 6 of the Dungeon.
You worshipped Trog.
Trog was most pleased with you.
You were hungry.

You visited 1 branch of the dungeon, and saw 6 of its levels.

You collected 279 gold pieces.

Inventory:

Hand Weapons
 a - a +0 hand axe (weapon)
Missiles
 y - 4 large rocks
Armour
 b - a +0 animal skin
 d - a +0 hat (worn)
 f - a +0 plate armour (worn)
 k - a +0 pair of gloves (worn)
Jewellery
 u - a +2 ring of strength {unknown}
Wands
 w - a wand of flame (14/48)
 A - a wand of slowing (17/48)
Scrolls
 e - 7 scrolls of remove curse {unknown}
 h - 2 scrolls of magic mapping {unknown}
 i - 5 scrolls of identify {unknown}
 j - a scroll of amnesia {unknown}
 m - 3 scrolls of immolation {unknown}
 n - a scroll of enchant weapon {unknown}
 q - a scroll of teleportation {unknown}
Potions
 p - a potion of berserk rage {unknown}
 s - a potion of curing {unknown}
 t - a potion of mutation {unknown}
 v - a potion of heal wounds {unknown}
 x - 2 potions of invisibility {unknown}
 z - 2 potions of degeneration {unknown}
Comestibles
 c - 9 bread rations
 g - 13 fruits
 l - 3 beef jerkies
 o - 4 meat rations


   Skills:
 - Level 4.1 Fighting
 + Level 13.3 Axes
 - Level 2.6 Armour
 - Level 2.2 Dodging


You had 7 spell levels left.
You didn't know any spells.

Dungeon Overview and Level Annotations

Branches:
Dungeon (6/15)             Temple (0/1) D:6

Altars:
Elyvilon
Qazlal
Zin


Innate Abilities, Weirdness & Mutations

You reflexively headbutt those who attack you in melee.
You have a pair of horns on your head.


Message History

You headbutt the ice beast, but do no damage.
The gnoll sergeant hits you but does no damage.
You finish eating.
This raw flesh tastes terrible.
A red film seems to cover your vision as you go berserk!
You feel yourself moving faster!
You feel mighty!
You are feeling hungry.
* * * LOW HITPOINT WARNING * * *
You feel very sick. The ice beast barely misses you.
The gnoll hits you but does no damage.
The gnoll sergeant hits you but does no damage.
You are more poisoned.
You hit the gnoll sergeant. You headbutt the gnoll sergeant!
The gnoll sergeant is severely wounded.
You hit the ice beast. You hit the gnoll.
* * * LOW HITPOINT WARNING * * *
You feel sick.
Your plate armour prevents you from hitting the gnoll sergeant.
The gnoll sergeant is severely wounded.
You slash the ice beast! You hit the gnoll.
You die...

.##...####..###
..............#
#.#.......##.#
#.........##.#
#.#.......##.#
#.#.......##.#
#....#.##.##.#
###.#..#..#.##)#
............##@###...
...#..?......ggY......
...>.###..#.##.#.#....
...# #..S.##.#.# .. ..
...#.o##.# # .
........>...
##.#....>...#
g.o#..#.....# ...
#..#.####<#


You could see an ice beast, a gnoll sergeant, a gnoll and a ball python.

Vanquished Creatures
  Pikel (D:4)
  Edmund (D:4)
  3 slaves (D:4)
  An orc warrior (D:6)
  2 ogres
  Blork the orc (D:4)
  A howler monkey (D:5)
  A crimson imp (D:5)
  A bullfrog skeleton (D:5)
  A hound (D:4)
  6 orc priests
  4 orc wizards (D:6)
  3 iguanas
  Natasha (twice) (D:4)
  6 worker ants
  3 gnolls (D:6)
  8 adders
  An adder skeleton (D:4)
  2 worms (D:2)
  4 dart slugs
  A leopard gecko (D:4)
  26 orcs
  A ball python (D:2)
  6 bats
  4 giant cockroaches
  7 hobgoblins
  2 jackals (D:5)
  2 quokkas
  6 frilled lizards
  3 goblins (D:2)
  9 kobolds
  A quokka skeleton (D:4)
  4 rats
124 creatures vanquished.

Notes
Turn   | Place    | Note
-------+----------+-------------------------------------------
     0 | D:1      | Naow the Minotaur Berserker began the quest for the Orb.
     0 | D:1      | Reached XP level 1. HP: 19/19 MP: 0/0
   253 | D:1      | Reached XP level 2. HP: 27/27 MP: 1/1
   355 | D:1      | Reached skill level 4 in Axes
   780 | D:2      | Found a stormy altar of Qazlal.
   806 | D:2      | Reached XP level 3. HP: 25/33 MP: 2/2
  1181 | D:2      | Reached ** piety under Trog
  1219 | D:2      | Reached skill level 5 in Axes
  1328 | D:2      | Found a white marble altar of Elyvilon.
  1529 | D:2      | Found a glowing silver altar of Zin.
  1736 | D:3      | Reached XP level 4. HP: 38/40 MP: 3/3
  2147 | D:4      | Noticed Natasha
  2156 | D:4      | Killed Natasha
  2156 | D:4      | Reached skill level 6 in Axes
  2179 | D:4      | Reached XP level 5. HP: 34/46 MP: 4/4
  2196 | D:4      | Found a sand-covered staircase.
  2231 | D:4      | Reached skill level 7 in Axes
  2267 | D:4      | Noticed Blork the orc
  2288 | D:4      | Killed Blork the orc
  2288 | D:4      | Reached *** piety under Trog
  2288 | D:4      | Reached skill level 8 in Axes
  2288 | D:4      | Reached XP level 6. HP: 15/52 MP: 5/5
  2618 | D:4      | Reached skill level 9 in Axes
  2660 | D:4      | Noticed Edmund
  2671 | D:4      | Killed Edmund
  2671 | D:4      | Reached XP level 7. HP: 17/59 MP: 6/6
  2822 | D:4      | Noticed Pikel
  2822 | D:4      | Noticed Natasha
  2843 | D:4      | Killed Natasha
  2887 | D:4      | Killed Pikel
  2887 | D:4      | Reached skill level 11 in Axes
  2887 | D:4      | Reached XP level 8. HP: 56/66 MP: 7/7
  2976 | D:5      | Entered Level 5 of the Dungeon
  3436 | D:5      | Reached skill level 12 in Axes
  3949 | D:6      | HP: 2/66 [orc warrior/dire flail (34)]
  4292 | D:6      | Found a staircase to the Ecumenical Temple.
  4314 | D:6      | Reached skill level 13 in Axes
  4360 | D:6      | HP: 3/66 [poisoned by a gnoll sergeant]
  4362 | D:6      | HP: 1/99 [poisoned by a gnoll sergeant]
  4363 | D:6      | Succumbed to a gnoll sergeant's poison

Vault maps used:
D:1:      dpeg_arrival_chambers_temple_mockup
D:2:      nicolae_overflow_crystal_walls, zin_scriptorium, elyvilon_altar_3,
          minmay_heptomino_d4
D:3:      first_bread, dk_vineyard_3
D:4:      wad_river_or_something, nicolae_ossuary_entry_plus, uniq_pikel,
          uniq_blork_the_orc, uniq_edmund, uniq_natasha
D:5:      roderic_roman_lattice
D:6:      portal_sewer_entry_b

Skill      XL: |  1  2  3  4  5  6  7  8 |
---------------+-------------------------+-----
Fighting       | 4 |  4.1
Axes           | 4 5 6 8 9 11 13 | 13.3
Armour         | |  2.6
Dodging        | |  2.2

Action                   |  1- 3 |  4- 6 |  7- 9 || total
-------------------------+-------+-------+-------++-------
Melee: Hand axe          |   102 |   107 |   228 ||   437
       Headbutt          |    12 |    26 |    46 ||    84
Invok: Trog's Hand       |       |     2 |     3 ||     5
       Berserk           |       |     1 |     2 ||     3
  Eat: Chunk             |     3 |     3 |     9 ||    15
Armor: Plate armour      |    82 |    56 |   113 ||   251
       Animal skin       |     1 |       |       ||     1
Dodge: Dodged            |    26 |    25 |    49 ||   100
